 Dungeon Crawl Stone Soup version 0.29-a0-1006-g0dd7720b37 (webtiles) character file.

Game seed: 12082016098338280320

308 xian the Ducker (level 6, -6/52 HPs)
             Began as a Draconian Fighter on Aug 6, 2022.
             Mangled by an ogre
             ... wielding a +0 giant club
              (16 damage)
             ... on level 5 of the Dungeon.
             The game lasted 00:12:33 (4149 turns).

xian the Ducker (Draconian Fighter)                 Turns: 4149, Time: 00:12:34

Health: -6/52      AC: 11    Str: 20    XL:     6   Next: 17%
Magic:  6/6        EV: 11    Int:  8    God:
Gold:   144        SH:  8    Dex: 11    Spells: 5/5 levels left

rFire   . . .      SeeInvis .   r - +1 short sword (flame)
rCold   . . .      Faith    .   t - +0 kite shield
rNeg    . . .      Spirit   .   (body armour unavailable)
rPois   +          Reflect  .   (helmet restricted)
rElec   .          Harm     .   (no cloak)
rCorr   .          Rampage  .   d - +0 pair of gloves
Will    .....      Clarity  +   (no boots)
Stlth   +.........              (no amulet)
HPRegen 0.17/turn               a - +4 ring of protection
MPRegen 0.10/turn               q - ring of flight

@: flying
A: AC +6, unfitting armour, cold-blooded, hooves 1, clarity, poison resistance
a: no special abilities


You were on level 5 of the Dungeon.
You visited 1 branch of the dungeon, and saw 5 of its levels.

You collected 185 gold pieces.
You spent 41 gold pieces at shops.

Inventory:

Hand Weapons
 n - a +0 sling of flaming
 r - a +1 short sword of flaming (weapon)
Missiles
 o - a throwing net (quivered)
 w - 2 poisoned darts
Armour
 b - a +0 buckler
 d - a +0 pair of gloves (worn)
 t - a +0 kite shield (worn)
Jewellery
 a - a +4 ring of protection (left hand)
 l - a ring of protection from fire
 q - a ring of flight (right hand)
Scrolls
 c - a scroll of butterflies {unknown}
 f - a scroll of noise {unknown}
 i - a scroll of teleportation
 k - a scroll of blinking
 p - a scroll of enchant armour {unknown}
 s - a scroll of enchant weapon {unknown}
 v - a scroll of fear {unknown}
Potions
 h - 2 potions of curing
 j - 2 potions of mutation


   Skills:
 + Level 4.0 Fighting
 + Level 2.8 Short Blades
 + Level 2.5 Maces & Flails
 + Level 4.1 Dodging
 + Level 1.0 Stealth
 + Level 4.1 Shields


You had 5 spell levels left.
You didn't know any spells.
Your spell library contained the following spells:

 Spells                   Type           Power      Damage    Failure   Level
 Sting                    Tmut/Pois      0%         1d3       78%         1
 Blink                    Tloc           0%         N/A       89%         2
 Poisonous Vapours        Pois/Air       0%         N/A       89%         2
 Olgreb's Toxic Radiance  Pois           0%         N/A       100%        4
 Manifold Assault         Tloc           0%         N/A       100%        5
 Storm Form               Tmut/Air       0%         N/A       100%        7


Dungeon Overview and Level Annotations

Branches:
Dungeon (5/15)
 Temple: D:4-7

Altars:

Shops:
D:1 (:[[!   D:2 *

Annotations:
D:4 Dowan, Duvessa


Innate Abilities, Weirdness & Mutations

Your plain brown scales are hard. (AC +6)
You cannot fit into any form of body armour.
You are cold-blooded and may be slowed by cold attacks.
You have large cloven feet.
You possess an exceptional clarity of mind.
Your system is resistant to poisons. (rPois)


Message History

An orc wizard comes into view. It is wielding a +0 dagger.
The water moccasin closely misses you.
You completely miss the water moccasin. Your kick misses the water moccasin.
The water moccasin bites you.
You miss the water moccasin.
You kick the water moccasin, but do no damage.
Your tail-slap misses the water moccasin.
The water moccasin misses you. The water moccasin bites you.
You hit the water moccasin. You burn the water moccasin.
Your kick misses the water moccasin. You tail-slap the water moccasin.
The water moccasin is lightly wounded.
The water moccasin closely misses you.
The orc priest looks encouraged for a moment.
You closely miss the water moccasin.
Your tail-slap misses the water moccasin.
The water moccasin is lightly wounded.
The water moccasin bites you.
The orc priest calls down the wrath of Beogh upon you.
Beogh smites you! The water moccasin bites you.
You hear a shout!
The water moccasin attacks as you move away!
The water moccasin barely misses you. You block the water moccasin's attack.
There is a stone staircase leading up here.
The water moccasin barely misses you.
There is a stone staircase leading up here.
You block the water moccasin's attack.
You fly upwards.
Level annotation: Dowan, Duvessa The orc shouts! x2; You hear a shout!
Found 14 gold pieces.
There is a stone staircase leading down here.
The water moccasin bites you but does no damage.
You fly downwards.
The ogre hits you with a +0 giant club!
* * * LOW HITPOINT WARNING * * *
You block the orc's attack. The orc misses you.
There is a stone staircase leading up here.
The water moccasin bites you but does no damage.
The ogre hits you with a +0 giant club!
You die...

#.# #.# #># ## #.#
.. #.# .# # #.# .#
#.#
#>.###S####o#oo...
#...O@oh.#.h.#
#.#..###.o###.#
##. #..# .. #..#
.#. ..#. .###
#^###. .. #. #. ..
#. .. ## ..


You could see a water moccasin, an ogre, a hound, an orc wizard and an orc.

Vanquished Creatures
  A phantom (D:4)
  Natasha (D:3)
  An iguana (D:4)
  5 gnolls (D:3)
  5 adders
  An ufetubus (D:4)
  4 worms
  A dart slug (D:1)
  2 orcs
  2 ball pythons
  5 endoplasms
  2 giant cockroaches
  6 goblins
  12 hobgoblins
  4 jackals (D:1)
  2 quokkas
  6 bats
  3 frilled lizards
  8 kobolds
  A rat (D:2)
72 creatures vanquished.

Notes
Turn   | Place    | Note
-------+----------+-------------------------------------------
     0 | D:1      | xian the Draconian Fighter began the quest for the Orb.
     0 | D:1      | Reached XP level 1. HP: 19/19 MP: 1/1
   125 | D:1      | Found Estrow's Book Shop.
   150 | D:1      | Found Vaic's Armour Shop.
   218 | D:1      | Found Jarrisymn's Distillery.
   227 | D:1      | Bought a potion of degeneration for 11 gold pieces
   239 | D:1      | Found Fyfrohua's Armour Boutique.
   278 | D:1      | Reached XP level 2. HP: 19/26 MP: 2/2
   877 | D:1      | Reached XP level 3. HP: 33/33 MP: 3/3
   999 | D:1      | Found Iska's Antique Weapon Boutique.
  1113 | D:2      | You fall into a shaft and drop 2 floors!
  1126 | D:4      | Noticed a phantom
  1143 | D:4      | Killed a phantom
  1144 | D:4      | Reached skill level 1 in Short Blades
  1144 | D:4      | Reached XP level 4. HP: 40/40 MP: 4/4
  1208 | D:4      | Noticed Dowan
  1335 | D:3      | Reached XP level 5. HP: 28/46 MP: 5/5
  2396 | D:3      | Noticed Natasha
  2418 | D:3      | Killed Natasha
  2885 | D:2      | Reached XP level 6. HP: 44/52 MP: 6/6
  3162 | D:2      | Found a faded altar of an unknown god.
  3549 | D:2      | Upgraded the game from 0.29-a0-998-g1987434951 to
                  | 0.29-a0-1006-g0dd7720b37
  3555 | D:2      | Found Conesiah's General Store.
  3560 | D:2      | Bought a scroll of teleportation for 30 gold pieces
  3633 | D:4      | Reached skill level 1 in Stealth
  3871 | D:4      | Noticed Duvessa
  3901 | D:4      | Gained mutation: You occasionally lose the ability to read
                  | scrolls when taking damage. [potion of mutation]
  3901 | D:4      | Gained mutation: You sometimes lose the ability to read
                  | scrolls when taking damage. [potion of mutation]
  3901 | D:4      | Gained mutation: You occasionally lose the ability to drink
                  | potions when taking damage. [potion of mutation]
  3902 | D:4      | Lost mutation: You occasionally lose the ability to drink
                  | potions when taking damage. [potion of mutation]
  3902 | D:4      | Lost mutation: You sometimes lose the ability to read
                  | scrolls when taking damage. [potion of mutation]
  3902 | D:4      | Lost mutation: You occasionally lose the ability to read
                  | scrolls when taking damage. [potion of mutation]
  3902 | D:4      | Gained mutation: Your system is resistant to poisons.
                  | (rPois) [potion of mutation]
  3902 | D:4      | Gained mutation: You possess an exceptional clarity of
                  | mind. [potion of mutation]
  3902 | D:4      | Gained mutation: You have large cloven feet. [potion of
                  | mutation]
  3929 | D:5      | Entered Level 5 of the Dungeon
  4132 | D:5      | Noticed a water moccasin
  4149 | D:5      | Mangled by an ogre

Illustrated notes

Levels and vault maps discovered:
D:1:      dpeg_arrival_rooms_a, layout_basic, serial_shops, shop, shop,
          nicolae_shop_advertising_works [nicolae_subvault_shop_adworks],
          nicolae_shop_statue_plus, shop, minmay_pentomino_u2
D:2:      layout_basic, serial_shops, nicolae_diamond_shop,
          hellmonk_ecumenical_altar_leap_of_faith
D:3:      minmay_chambers_of_twos, layout_rooms, kennysheep_generic_room_11,
          uniq_natasha
D:4:      layout_cave_pools, uniq_duvessa
D:5:      layout_loops_ring, zin_scriptorium, nicolae_overflow_quartered_altars,
          hellmonk_ghost_happy_afterlife, lightli_corner_chamber, uniq_sigmund

Skill      XL: |  1  2  3  4  5  6 |
---------------+-------------------+-----
Dodging        | 3 4 |  4.1
Short Blades   | 1 2 |  2.8
Fighting       | 4 |  4.0
Shields        | 4 |  4.1
Stealth        | 1 |  1.0
Maces & Flails | |  2.5

Action                   |  1- 3 |  4- 6 || total
-------------------------+-------+-------++-------
Melee: Short sword       |   101 |   269 ||   370
       Tailslap          |     9 |    45 ||    54
       Flail             |     3 |       ||     3
       Kick              |       |     3 ||     3
  Use: Potion            |     1 |     4 ||     5
       Scroll            |       |     5 ||     5
 Stab: Sleeping          |       |     1 ||     1
Armor: Skin              |    36 |   104 ||   140
Dodge: Dodged            |    65 |   196 ||   261
Block: Buckler           |    21 |    51 ||    72
       Kite shield       |       |    25 ||    25

Table legend: (Time is in decaauts)
 A = Elapsed time spent in this place.
 B = Non-inter-level travel time spent in this place.
 C = Inter-level travel time spent in this place.
 D = Time resting spent in this place.
 E = Time spent auto-exploring this place.
 F = Levels seen in this place.
 G = Mean time per level.
                   A        B        C        D        E       F      G
               +--------+--------+--------+--------+--------+-----+--------+
         Total |   4179 |   4078 |    101 |     24 |   2836 |   5 |  835.8 |
       Dungeon |   4179 |   4078 |    101 |     24 |   2836 |   5 |  835.8 |
               +--------+--------+--------+--------+--------+-----+--------+

Top non-repeatable levels by time:
     D:3: 1481 daAuts
     D:1: 1107 daAuts
     D:2: 935 daAuts
     D:4: 436 daAuts
     D:5: 219 daAuts
